TOP OF THE 1ST |
Bismarck Barons batting - Pitching for San Diego Smashers : RHP Vicente Calderón
|
Pitching: RHP Vicente Calderón
|
|
Batting: LHB Earl Wigfall
|
0-0: Ball 1-0: Ball 2-0: Fly out, F7 (Flyball, 7)
|
Batting: RHB Mark Roy
|
0-0: Called Strike 0-1: Ball 1-1: Ball 2-1: Called Strike 2-2: Ball 3-2: Foul Ball, location: 2F 3-2: Ground out 5-3 (Groundball, 56S)
|
Batting: RHB Jason Stover
|
0-0: Swinging Strike 0-1: Ball 1-1: Ground out 6-3 (Groundball, 6)
|
Top of the 1st over - 0 run(s), 0 hit(s), 0 error(s), 0 left on base; Bismarck 0 - San Diego 0 |
BOTTOM OF THE 1ST |
San Diego Smashers batting - Pitching for Bismarck Barons : RHP Dwayne Allen
|
Pitching: RHP Dwayne Allen
|
|
Batting: LHB Michael Myers
|
0-0: Ball 1-0: Called Strike 1-1: Foul Ball, location: 2F 1-2: Strikes out looking
|
Batting: RHB Gerald Davis
|
0-0: Foul Ball, location: 2F 0-1: Ground out 5-3 (Groundball, 5S)
|
Batting: RHB Jake Reeves
|
0-0: Called Strike 0-1: Ground out 5-3 (Groundball, 56S)
|
Bottom of the 1st over - 0 run(s), 0 hit(s), 0 error(s), 0 left on base; Bismarck 0 - San Diego 0 |
TOP OF THE 2ND |
Bismarck Barons batting - Pitching for San Diego Smashers : RHP Vicente Calderón
|
Batting: RHB Fernando Castellanos
|
0-0: Ball 1-0: Ball 2-0: Foul Ball, location: 2F 2-1: Foul Ball, location: 2F 2-2: Ground out 4-3 (Groundball, 4)
|
Batting: RHB Dave Anderson
|
0-0: Ball 1-0: Swinging Strike 1-1: Ball 2-1: Swinging Strike 2-2: Strikes out looking
|
Batting: RHB Félix Trevino
|
0-0: Ball 1-0: Ball 2-0: SINGLE (Line Drive, 8LS)
|
Batting: SHB José Gonzáles
|
0-0: Ball 1-0: SINGLE (Groundball, 56D) Félix Trevino to second
|
Batting: RHB José Ruíz
|
0-0: Called Strike 0-1: Foul Ball, location: 2F 0-2: Fly out, F9 (Flyball, 9)
|
Top of the 2nd over - 0 run(s), 2 hit(s), 0 error(s), 2 left on base; Bismarck 0 - San Diego 0 |
BOTTOM OF THE 2ND |
San Diego Smashers batting - Pitching for Bismarck Barons : RHP Dwayne Allen
|
Batting: LHB Arthur MacDonald
|
0-0: Called Strike 0-1: Foul Ball, location: 2F 0-2: SOLO HOME RUN (Flyball, 9D), Distance : 376 ft
|
Batting: RHB Javier González
|
0-0: Called Strike 0-1: Ball 1-1: Swinging Strike 1-2: Foul Ball, location: 2F 1-2: Ball 2-2: Strikes out looking
|
Batting: LHB Richard Brooks
|
0-0: Ball 1-0: Called Strike 1-1: Ball 2-1: Fly out, F7 (Flyball, 7)
|
Batting: SHB Michael Aisher
|
0-0: Called Strike 0-1: Ball 1-1: Ball 2-1: Called Strike 2-2: Fly out, F6 (Line Drive, 6)
|
Bottom of the 2nd over - 1 run(s), 1 hit(s), 0 error(s), 0 left on base; Bismarck 0 - San Diego 1 |
TOP OF THE 3RD |
Bismarck Barons batting - Pitching for San Diego Smashers : RHP Vicente Calderón
|
Batting: RHB Tomás Rivera
|
0-0: Called Strike 0-1: Swinging Strike 0-2: Ball 1-2: Strikes out swinging
|
Batting: LHB Earl Wigfall
|
0-0: Ball 1-0: Ball 2-0: Foul Ball, location: 2F 2-1: Foul Ball, location: 2F 2-2: Ball 3-2: Strikes out looking
|
Batting: RHB Mark Roy
|
0-0: Foul Ball, location: 2F 0-1: Ball 1-1: Ball 2-1: Called Strike 2-2: Strikes out swinging
|
Top of the 3rd over - 0 run(s), 0 hit(s), 0 error(s), 0 left on base; Bismarck 0 - San Diego 1 |
BOTTOM OF THE 3RD |
San Diego Smashers batting - Pitching for Bismarck Barons : RHP Dwayne Allen
|
Batting: LHB Gonzalo Benítez
|
0-0: Ball 1-0: Foul Ball, location: 2F 1-1: Called Strike 1-2: SOLO HOME RUN (Line Drive, 9LD), Distance : 368 ft
|
Batting: RHB José Oliveira
|
0-0: Ball 1-0: SOLO HOME RUN (Flyball, 7D), Distance : 354 ft
|
Batting: LHB Michael Myers
|
0-0: Called Strike 0-1: Ball 1-1: DOUBLE (Line Drive, 89D)
|
Batting: RHB Gerald Davis
|
0-0: Swinging Strike 0-1: Foul Ball, location: 2F 0-2: Ball 1-2: Ball 2-2: Ground out 5-3 (Groundball, 56)
|
Batting: RHB Jake Reeves
|
0-0: Foul Ball, location: 2F 0-1: Ball 1-1: Ball 2-1: Called Strike 2-2: Ground out 6-3 (Groundball, 6) Michael Myers to third
|
Batting: LHB Arthur MacDonald
|
0-0: Foul Ball, location: 2F 0-1: Foul Ball, location: 2F 0-2: Strikes out looking
|
Bottom of the 3rd over - 2 run(s), 3 hit(s), 0 error(s), 1 left on base; Bismarck 0 - San Diego 3 |
TOP OF THE 4TH |
Bismarck Barons batting - Pitching for San Diego Smashers : RHP Vicente Calderón
|
Batting: RHB Jason Stover
|
0-0: Ball 1-0: Ball 2-0: Ball 3-0: Called Strike 3-1: Swinging Strike 3-2: Base on Balls
|
Batting: RHB Fernando Castellanos
|
0-0: Called Strike 0-1: Called Strike 0-2: Ball 1-2: Strikes out looking
|
Batting: RHB Dave Anderson
|
0-0: Ball 1-0: Called Strike 1-1: Ball 2-1: Called Strike 2-2: Foul Ball, location: 2F 2-2: Strikes out looking
|
Batting: RHB Félix Trevino
|
0-0: Ball Jason Stover is caught stealing 2nd base
|
Top of the 4th over - 0 run(s), 0 hit(s), 0 error(s), 0 left on base; Bismarck 0 - San Diego 3 |
BOTTOM OF THE 4TH |
San Diego Smashers batting - Pitching for Bismarck Barons : RHP Dwayne Allen
|
Batting: RHB Javier González
|
0-0: Ball 1-0: Called Strike 1-1: Ball 2-1: Called Strike 2-2: Strikes out swinging
|
Batting: LHB Richard Brooks
|
0-0: Foul Ball, location: 2F 0-1: Ball 1-1: Ball 2-1: Foul Ball, location: 2F 2-2: Foul Ball, location: 2F 2-2: Ball 3-2: Base on Balls
|
Batting: SHB Michael Aisher
|
0-0: Ground out 5-3 (Groundball, 56S) Richard Brooks to second
|
Batting: LHB Gonzalo Benítez
|
0-0: Ball Pickoff Throw to Second - Error! E1 Richard Brooks to third 1-0: Ball 2-0: Called Strike 2-1: Called Strike 2-2: Ball 3-2: Strikes out swinging
|
Bottom of the 4th over - 0 run(s), 0 hit(s), 1 error(s), 1 left on base; Bismarck 0 - San Diego 3 |
TOP OF THE 5TH |
Bismarck Barons batting - Pitching for San Diego Smashers : RHP Vicente Calderón
|
Batting: RHB Félix Trevino
|
0-0: Ball 1-0: Swinging Strike 1-1: Swinging Strike 1-2: Foul Ball, location: 2F 1-2: Ball 2-2: Ball 3-2: Foul Ball, location: 2F 3-2: Base on Balls
|
Batting: SHB José Gonzáles
|
0-0: Foul Ball, location: 2F 0-1: Called Strike 0-2: Ball 1-2: Foul Ball, location: 2F 1-2: Ball 2-2: Ball 3-2: Base on Balls Félix Trevino to second
|
Batting: RHB José Ruíz
|
0-0: Called Strike 0-1: Ball 1-1: Foul Ball, location: 2F 1-2: Ball 2-2: Ball 3-2: Base on Balls Félix Trevino to third José Gonzáles to second
|
Batting: RHB Tomás Rivera
|
0-0: Ball 1-0: Swinging Strike 1-1: Ball 2-1: Foul Ball, location: 2F 2-2: Ball 3-2: Base on Balls Félix Trevino scores José Gonzáles to third José Ruíz to second
|
Batting: LHB Earl Wigfall
|
0-0: Ball 1-0: Called Strike 1-1: SINGLE (Flyball, 56D) José Gonzáles scores José Ruíz to third Tomás Rivera to second Runner from 3rd tries for Home, SAFE, throw made home Tomás Rivera to third Earl Wigfall to second
|
Pitching: LHP Brock Saunders
|
|
Batting: RHB Mark Roy
|
0-0: Ball 1-0: Called Strike 1-1: Foul Ball, location: 2F 1-2: Foul Ball, location: 2F 1-2: Strikes out swinging
|
Batting: RHB Jason Stover
|
0-0: Called Strike 0-1: Foul Ball, location: 2F 0-2: Ball 1-2: Fly out, F9 (Flyball, 9LM) Runner from 3rd tags up, SCORES, no throw
|
Batting: RHB Fernando Castellanos
|
0-0: Called Strike 0-1: Foul Ball, location: 2F 0-2: Foul Ball, location: 2F 0-2: Ball 1-2: Fly out, F8 (Flyball, 8RD)
|
Top of the 5th over - 4 run(s), 1 hit(s), 0 error(s), 1 left on base; Bismarck 4 - San Diego 3 |
BOTTOM OF THE 5TH |
San Diego Smashers batting - Pitching for Bismarck Barons : RHP Dwayne Allen
|
Batting: RHB José Oliveira
|
0-0: Ball 1-0: Ball 2-0: Ball 3-0: Called Strike 3-1: Swinging Strike 3-2: Strikes out swinging
|
Batting: LHB Michael Myers
|
0-0: Called Strike 0-1: Ball 1-1: Foul Ball, location: 2F 1-2: Hit by Pitch
|
Batting: RHB Gerald Davis
|
0-0: Ball 1-0: Fly out, F8 (Line Drive, 8RS)
|
Batting: RHB Jake Reeves
|
0-0: Ground out 5-3 (Groundball, 5S)
|
Bottom of the 5th over - 0 run(s), 0 hit(s), 0 error(s), 1 left on base; Bismarck 4 - San Diego 3 |
TOP OF THE 6TH |
Bismarck Barons batting - Pitching for San Diego Smashers : LHP Brock Saunders
|
Batting: RHB Dave Anderson
|
0-0: Ball 1-0: Ball 2-0: Called Strike 2-1: Ball 3-1: Foul Ball, location: 2F 3-2: Fly out, F2 (Popup, 2R)
|
Batting: RHB Félix Trevino
|
0-0: Ball 1-0: Foul Ball, location: 2F 1-1: Foul Ball, location: 2F 1-2: Ball 2-2: Fly out, F5 (Popup, 5)
|
Batting: SHB José Gonzáles
|
0-0: Called Strike 0-1: Foul Ball, location: 2F 0-2: Strikes out swinging
|
Top of the 6th over - 0 run(s), 0 hit(s), 0 error(s), 0 left on base; Bismarck 4 - San Diego 3 |
BOTTOM OF THE 6TH |
San Diego Smashers batting - Pitching for Bismarck Barons : RHP Dwayne Allen
|
Batting: LHB Arthur MacDonald
|
0-0: Called Strike 0-1: Swinging Strike 0-2: Ball 1-2: Foul Ball, location: 2F 1-2: Ball 2-2: Foul Ball, location: 2F 2-2: Ball 3-2: Foul Ball, location: 2F 3-2: Foul Ball, location: 2F 3-2: Ground out U3 (Groundball, 3)
|
Batting: RHB Javier González
|
0-0: Foul Ball, location: 2F 0-1: Foul Ball, location: 2F 0-2: Ball 1-2: Strikes out swinging
|
Batting: LHB Richard Brooks
|
0-0: Ball 1-0: Foul Ball, location: 2F 1-1: Foul Ball, location: 2F 1-2: Foul Ball, location: 2F 1-2: SINGLE (Groundball, 6MD)
|
Pitching: LHP Christiano Gomes
|
|
Batting: SHB Michael Aisher
|
0-0: Fielders Choice at 2nd, 6-4 (Groundball, 6)
|
Bottom of the 6th over - 0 run(s), 1 hit(s), 0 error(s), 0 left on base; Bismarck 4 - San Diego 3 |
TOP OF THE 7TH |
Bismarck Barons batting - Pitching for San Diego Smashers : LHP Brock Saunders
|
Batting: RHB José Ruíz
|
0-0: Called Strike 0-1: Foul Ball, location: 2F 0-2: Ball 1-2: Foul Ball, location: 2F 1-2: SINGLE (Groundball, 4MD)
|
Pinch Hitting: RHB Juan Castillo
|
0-0: Foul Ball, location: 2F 0-1: Ball 1-1: Ball 2-1: Fly out, F8 (Flyball, 8LM)
|
Pinch Hitting: RHB Eric Black
|
0-0: Ball 1-0: Ball 2-0: Ball 3-0: Base on Balls José Ruíz to second
|
Batting: RHB Mark Roy
|
0-0: Ball 1-0: Foul Ball, location: 2F 1-1: Ground out 5-3 (Groundball, 5S) José Ruíz to third Eric Black to second
|
Batting: RHB Jason Stover
|
0-0: Called Strike 0-1: Called Strike 0-2: Ball 1-2: SINGLE (Groundball, 2L) (infield hit) José Ruíz scores Eric Black to third
|
Pitching: RHP Norberto Deleón
|
|
Pinch Hitting: LHB Jesús Bueno
|
0-0: Called Strike 0-1: Called Strike 0-2: Ball 1-2: Ball Wild Pitch! Eric Black scores Jason Stover to second 2-2: Foul Ball, location: 2F 2-2: Foul Ball, location: 2F 2-2: SINGLE (Line Drive, 6MD) Jason Stover to third Runner from 3rd tries for Home, throw and OUT!
|
Top of the 7th over - 2 run(s), 3 hit(s), 0 error(s), 1 left on base; Bismarck 6 - San Diego 3 |
BOTTOM OF THE 7TH |
San Diego Smashers batting - Pitching for Bismarck Barons : LHP Christiano Gomes
|
Now at 1B: Eric Black
|
|
Now at 2B: Pancho Torres
|
|
Now in LF: Jesús Bueno
|
|
Batting: LHB Gonzalo Benítez
|
0-0: Called Strike 0-1: Ball 1-1: Swinging Strike 1-2: Ball 2-2: Ball 3-2: Base on Balls
|
Batting: RHB José Oliveira
|
0-0: Called Strike 0-1: Ball 1-1: Swinging Strike 1-2: Ball 2-2: Grounds into double play, 6-4-3 (Groundball, 6)
|
Batting: LHB Michael Myers
|
0-0: Ball 1-0: Ball 2-0: Fly out, F7 (Flyball, 7LS)
|
Bottom of the 7th over - 0 run(s), 0 hit(s), 0 error(s), 0 left on base; Bismarck 6 - San Diego 3 |
TOP OF THE 8TH |
Bismarck Barons batting - Pitching for San Diego Smashers : RHP Norberto Deleón
|
Batting: RHB Dave Anderson
|
0-0: Ball 1-0: Swinging Strike 1-1: Foul Ball, location: 2F 1-2: Strikes out swinging
|
Batting: RHB Félix Trevino
|
0-0: Foul Ball, location: 2F 0-1: Ball 1-1: Called Strike 1-2: Ball 2-2: Ball 3-2: Ground out 6-3 (Groundball, 6S)
|
Batting: SHB José Gonzáles
|
0-0: Called Strike 0-1: Called Strike 0-2: Strikes out swinging, 2-3 out at first.
|
Top of the 8th over - 0 run(s), 0 hit(s), 0 error(s), 0 left on base; Bismarck 6 - San Diego 3 |
BOTTOM OF THE 8TH |
San Diego Smashers batting - Pitching for Bismarck Barons : LHP Christiano Gomes
|
Batting: RHB Gerald Davis
|
0-0: Called Strike 0-1: Ground out 4-3 (Groundball, 4)
|
Batting: RHB Jake Reeves
|
0-0: Ball 1-0: Ball 2-0: Ball 3-0: Called Strike 3-1: Swinging Strike 3-2: Foul Ball, location: 2F 3-2: Reached on error, E5 (Groundball, 56)
|
Pitching: LHP Charlie Conner
|
|
Batting: LHB Arthur MacDonald
|
0-0: Called Strike 0-1: Swinging Strike 0-2: Strikes out swinging
|
Pitching: RHP Domingo León
|
|
Batting: RHB Javier González
|
0-0: Called Strike 0-1: Foul Ball, location: 2F 0-2: Foul Ball, location: 2F 0-2: Strikes out swinging
|
Bottom of the 8th over - 0 run(s), 0 hit(s), 1 error(s), 1 left on base; Bismarck 6 - San Diego 3 |
TOP OF THE 9TH |
Bismarck Barons batting - Pitching for San Diego Smashers : RHP Norberto Deleón
|
Batting: RHB José Ruíz
|
0-0: Called Strike 0-1: Ball 1-1: Bunt missed! 1-2: Strikes out swinging
|
Batting: RHB Pancho Torres
|
0-0: Ball 1-0: Ball 2-0: Ground out 4-3 (Groundball, 4)
|
Batting: RHB Eric Black
|
0-0: Fly out, F8 (Line Drive, 8LM)
|
Top of the 9th over - 0 run(s), 0 hit(s), 0 error(s), 0 left on base; Bismarck 6 - San Diego 3 |
BOTTOM OF THE 9TH |
San Diego Smashers batting - Pitching for Bismarck Barons : RHP Domingo León
|
Pitching: RHP Ignacio Beltrán
|
|
Batting: LHB Richard Brooks
|
0-0: Foul Ball, location: 2F 0-1: Foul Ball, location: 2F 0-2: Strikes out swinging
|
Batting: SHB Michael Aisher
|
0-0: Ball 1-0: Swinging Strike 1-1: Ball 2-1: Ball 3-1: Base on Balls
|
Batting: LHB Gonzalo Benítez
|
0-0: Called Strike 0-1: Called Strike 0-2: Strikes out swinging
|
Batting: RHB José Oliveira
|
0-0: Called Strike 0-1: Foul Ball, location: 2F 0-2: Ball 1-2: Strikes out swinging
|
Bottom of the 9th over - 0 run(s), 0 hit(s), 0 error(s), 1 left on base; Bismarck 6 - San Diego 3 |
|